 Dungeon Crawl Stone Soup version 0.31-a0-647-g38d6a14cb1 (webtiles) character file.

Game seed: 6455711452002824642

15915 hatseflat the Severer (level 12, 0/107 HPs)
             Began as a Hill Orc Fighter on Aug 29, 2023.
             Was a High Priest of the Shining One.
             Slain by an 11-headed hydra (5 damage)
             ... on level 11 of the Dungeon.
             The game lasted 00:30:52 (10285 turns).

hatseflat the Severer (Hill Orc Fighter)           Turns: 10285, Time: 00:30:53

Health: 0/107      AC: 17    Str: 22    XL:     12   Next: 32%
Magic:  0/12       EV: 10    Int: 13    God:    the Shining One [*****.]
Gold:   515        SH:  5    Dex: 10    Spells: 11/11 levels left

rFire   . . .        a - +2 war axe (spect)
rCold   . . .        c - +0 buckler
rNeg    + + .        A - +0 chain mail of Meynlutz {Int+3 Slay+5}
rPois   +            L - +1 hat {SInv}
rElec   .            J - +2 cloak
rCorr   .            (no gloves)
SInv    +            O - +0 pair of boots
Will    .....        Q - amulet of guardian spirit Stlth
                     h - ring of see invisible
HPRegen 0.37/turn    D - ring of poison resistance
MPRegen 0.13/turn

%: guardian spirit
@: mighty, glowing
A: no striking features
a: Renounce Religion, Divine Shield, Cleansing Flame, Summon Divine Warrior


You were on level 11 of the Dungeon.
You worshipped the Shining One.
The Shining One was extremely pleased with you.
You visited 1 branch of the dungeon, and saw 11 of its levels.

You collected 786 gold pieces.
You spent 271 gold pieces at shops.

Inventory:

Hand Weapons
 a - a +2 spectral war axe (weapon)
Missiles
 b - a throwing net
 x - 8 boomerangs
 z - 41 poisoned darts
Armour
 c - a +0 buckler (worn)
 n - a +1 plate armour
 y - a +2 cloak
 A - the +0 chain mail of Meynlutz (worn) {Int+3 Slay+5}
   (You found it on level 7 of the Dungeon)

   Int+3:     It affects your intelligence (+3).
   Slay+5:    It affects your accuracy & damage with ranged weapons and melee
   (+5).
 J - a +2 cloak (worn)
 L - a +1 hat of see invisible (worn)
 O - a +0 pair of boots (worn)
Jewellery
 h - a ring of see invisible (left hand)
 C - a ring of protection from cold
 D - a ring of poison resistance (right hand)
 I - an amulet of magic regeneration
 N - a ring of protection from cold
 Q - an amulet of guardian spirit (around neck)
 T - a +6 ring of strength
 V - a ring of magical power
Wands
 l - a wand of acid (19)
 w - a wand of roots (14)
 E - a wand of flame (7)
 P - a wand of paralysis (10)
Scrolls
 e - a scroll of vulnerability {unknown}
 f - a scroll of silence
 g - 2 scrolls of revelation
 j - 2 scrolls of immolation
 q - 3 scrolls of noise
 s - a scroll of fog
 u - 2 scrolls of poison
 F - 2 scrolls of teleportation
 K - 3 scrolls of amnesia
 U - a scroll of summoning {unknown}
Potions
 d - 3 potions of berserk rage
 i - 2 potions of ambrosia
 k - 2 potions of cancellation
 m - 8 potions of curing
 o - a potion of magic {unknown}
 p - a potion of resistance {unknown}
 r - 3 potions of brilliance
 t - a potion of might
 v - 2 potions of attraction
 B - a potion of mutation {unknown}
 G - a potion of heal wounds {unknown}
 H - a potion of degeneration {unknown}
 M - 2 potions of enlightenment
 R - a potion of haste {unknown}
 S - a potion of lignification {unknown}


   Skills:
 * Level 10.3 Fighting
 * Level 16.4 Axes
 * Level 1.4 Throwing
 * Level 9.8 Armour
 * Level 5.0 Dodging
 - Level 3.0 Stealth
 * Level 7.8 Shields


You had 11 spell levels left.
You didn't know any spells.
Your spell library contained the following spells:

 Spells                   Type           Power      Damage    Failure   Level
 Apportation              Tloc           0%         N/A       87%         1
 Kiss of Death            Conj/Necr      0%         2d5       87%         1
 Necrotise                Necr           0%         1d4       87%         1
 Sandblast                Erth           0%         2d4       87%         1
 Summon Small Mammal      Summ           0%         N/A       87%         1
 Cigotuvi's Dreadful Rot  Necr/Pois/Air  0%         N/A       95%         2
 Ensorcelled Hibernation  Hex/Ice        0%         N/A       95%         2
 Passwall                 Tmut/Erth      0%         N/A       95%         2
 Wereblood                Tmut           0%         N/A       95%         2
 Call Canine Familiar     Summ           0%         N/A       99%         3
 Confusing Touch          Hex            0%         N/A       99%         3
 Dazzling Flash           Conj/Hex       0%         N/A       99%         3
 Ignite Poison            Fire/Tmut/Pois 0%         N/A       99%         3
 Stone Arrow              Conj/Erth      0%         3d7       99%         3
 Summon Guardian Golem    Hex/Summ       0%         N/A       99%         3
 Swiftness                Air            0%         N/A       99%         3
 Volatile Blastmotes      Fire/Tloc      0%         2d10      99%         3
 Dispel Undead            Necr           0%         3d6       100%        4
 Manifold Assault         Tloc           0%         N/A       100%        4
 Olgreb's Toxic Radiance  Pois           0%         N/A       100%        4
 Alistair's Intoxication  Tmut/Pois      0%         N/A       100%        5
 Irradiate                Conj/Tmut      0%         3d11      100%        5
 Dispersal                Tloc           0%         N/A       100%        6
 Starburst                Conj/Fire      0%         6d3       100%        6
 Disjunction              Tloc           0%         N/A       100%        8
 Maxwell's Capacitive Co  Air            0%         ∞         100%        8


Dungeon Overview and Level Annotations

Branches:
Dungeon (11/15)            Temple (0/1) D:7
   Lair: D:8-11         Orc: D:9-12

Altars:
Cheibriados
Dithmenos
Fedhas
Kikubaaqudgha
Okawaru
Ru
Xom
Yredelemnul
Zin
The Shining One

Shops:
D:6 :   D:7 !   D:10 ?:[:!


Message History

The eight-headed hydra bites you but does no damage.
The eight-headed hydra closely misses you.
The eight-headed hydra bites you. x2
The eight-headed hydra completely misses you.
You hit the eight-headed hydra.
The eight-headed hydra is heavily wounded.
Your +2 spectral war axe hits the eight-headed hydra.
Your +2 spectral war axe hacks one of the eight-headed hydra's heads off!
The seven-headed hydra grows two more!
You chop one of the nine-headed hydra's heads off!
The eight-headed hydra grows two more!
You slash the ten-headed hydra!
The ten-headed hydra is heavily wounded.
Your +2 spectral war axe hits the ten-headed hydra!
Your +2 spectral war axe chops one of the ten-headed hydra's heads off!
The nine-headed hydra grows two more!
The 11-headed hydra bites you.
* * * LOW HITPOINT WARNING * * *
The 11-headed hydra closely misses you.
The 11-headed hydra bites you but does no damage.
The 11-headed hydra barely misses you.
The 11-headed hydra bites you but does no damage.
The 11-headed hydra bites you!
* * * LOW HITPOINT WARNING * * *
The 11-headed hydra closely misses you.
The 11-headed hydra bites you but does no damage.
The 11-headed hydra bites you!
* * * LOW HITPOINT WARNING * * *
The 11-headed hydra bites you.
* * * LOW HITPOINT WARNING * * *
The 11-headed hydra bites you.
* * * LOW HITPOINT WARNING * * *
You feel very mighty all of a sudden.
Your +2 spectral war axe disappears.
The 11-headed hydra bites you!
* * * LOW HITPOINT WARNING * * *
The 11-headed hydra bites you but does no damage.
The 11-headed hydra barely misses you. x3; The 11-headed hydra bites you.
* * * LOW HITPOINT WARNING * * *
The 11-headed hydra bites you but does no damage. x3
The 11-headed hydra bites you.
You die...

#.##.#>###......≈#
#.##.#.# #.....#≈#...
#......# #.....#≈#..
##.....#########~#'####
#......)### ≈......
#.........#


DW... #..>....#.# ~*W ##.....##.# ##)# ##...###@#####.~# ##### #.DKQ*D.†#
#####W..~# ##..≈# ##.≈# ###≈≈ ### You could see a 11-headed hydra, a wraith, a
tengu conjurer, an acid dragon, a kobold brigand and a battlesphere
(distracted).

Vanquished Creatures
  Gastronok (D:9)
  A boulder beetle (D:11)
  A two-headed ogre (D:11)
  Pikel (D:6)
  2 ugly things (D:11)
  A manticore (D:11)
  A cyclops (D:11)
  A gargoyle (D:11)
  2 unseen horrors
  3 kobold demonologists (D:9)
  A troll (D:9)
  A wyvern (D:9)
  Sigmund (D:2)
  2 shadows
  Eustachio (D:4)
  2 wraiths
  15 yaks
  2 steam dragons
  6 vampire mosquitoes (D:11)
  Menkaure (D:6)
  A water moccasin (D:7)
  Duvessa (D:6)
  2 acid dragons
  A black bear (D:7)
  3 sky beasts
  3 ogres
  4 orc warriors
  2 ice beasts
  2 lemures (D:6)
  3 centaurs
  A phantom (D:6)
  5 kobold brigands
  5 bullfrogs
  A gnoll sergeant (D:9)
  2 scorpions
  19 wights
  Dowan (D:6)
  5 killer bees
  6 howler monkeys
  A quasit (D:8)
  5 hounds
  4 jellies
  A gnoll bouda (D:10)
  4 orc priests
  An iron imp (D:5)
  Crazy Yiuf (D:4)
  5 sleepcaps
  5 iguanas
  9 orc wizards
  20 gnolls
  9 adders
  A shadow imp (D:8)
  5 white imps
  An ufetubus (D:5)
  29 orcs
  3 ball pythons
  10 bats
  7 endoplasms
  2 giant cockroaches
  3 goblins
  5 hobgoblins
  10 kobolds
  4 quokkas
  4 frilled lizards
  4 rats
266 creatures vanquished.

Vanquished Creatures (others)
  A wight (D:8)
1 creature vanquished.

Grand Total: 267 creatures vanquished

Notes
Turn   | Place    | Note
-------+----------+-------------------------------------------
     0 | D:1      | hatseflat the Hill Orc Fighter began the quest for the Orb.
     0 | D:1      | Reached XP level 1. HP: 19/19 MP: 1/1
   184 | D:1      | Reached XP level 2. HP: 27/27 MP: 2/2
   905 | D:2      | Reached skill level 3 in Axes
   905 | D:2      | Reached XP level 3. HP: 33/33 MP: 3/3
   948 | D:2      | Noticed Sigmund
   955 | D:2      | Killed Sigmund
   956 | D:2      | Reached skill level 4 in Axes
   956 | D:2      | Reached XP level 4. HP: 30/41 MP: 4/4
   956 | D:2      | Reached XP level 5. HP: 34/47 MP: 5/5
  1206 | D:2      | Reached skill level 5 in Axes
  1285 | D:2      | Reached XP level 6. HP: 21/53 MP: 6/6
  1442 | D:2      | You fall into a shaft and drop 1 floor!
  1519 | D:3      | Found an ancient bone altar of Kikubaaqudgha.
  1550 | D:3      | Found a sacrificial altar of Ru.
  2230 | D:3      | Found a glowing golden altar of the Shining One.
  2287 | D:3      | Became a worshipper of the Shining One
  2804 | D:4      | Found Zin's Purification Station.
  2804 | D:4      | Found a glowing silver altar of Zin.
  2817 | D:4      | Bought a potion of curing for 90 gold pieces
  2885 | D:4      | Reached skill level 5 in Fighting
  2885 | D:4      | Reached skill level 6 in Axes
  2885 | D:4      | Reached skill level 1 in Dodging
  3002 | D:4      | Found a runed translucent door.
  3061 | D:4      | Noticed Eustachio
  3328 | D:4      | Reached XP level 7. HP: 54/61 MP: 7/7
  3629 | D:4      | Killed Eustachio
  3630 | D:4      | Reached skill level 5 in Armour
  3808 | D:4      | Noticed Crazy Yiuf
  3818 | D:4      | Killed Crazy Yiuf
  3819 | D:4      | Reached skill level 7 in Axes
  3864 | D:5      | Entered Level 5 of the Dungeon
  4080 | D:5      | Reached skill level 5 in Shields
  4096 | D:5      | Reached XP level 8. HP: 64/69 MP: 8/8
  4176 | D:5      | Reached skill level 8 in Axes
  4949 | D:5      | Reached skill level 9 in Axes
  5005 | D:5      | Found a snail-covered altar of Cheibriados.
  5047 | D:6      | Found a shimmering altar of Xom.
  5129 | D:6      | Noticed Duvessa
  5132 | D:6      | Killed Duvessa
  5133 | D:6      | Noticed Menkaure
  5135 | D:6      | Noticed Dowan
  5135 | D:6      | Reached * piety under the Shining One
  5137 | D:6      | Killed Menkaure
  5147 | D:6      | Killed Dowan
  5220 | D:6      | Found Lauzuin's Tiny Tomes.
  5355 | D:6      | Noticed Pikel
  5367 | D:6      | Killed Pikel
  5368 | D:6      | Reached skill level 10 in Axes
  5368 | D:6      | Reached XP level 9. HP: 53/78 MP: 9/9
  5463 | D:6      | Identified the +1 mace of Exquisite Death {freeze, *Rage
                  | +Blink rElec rCorr}
  5815 | D:7      | Reached skill level 11 in Axes
  6399 | D:7      | Reached ** piety under the Shining One
  6654 | D:7      | Identified the +0 chain mail of Meynlutz {Int+3 Slay+5}
  6706 | D:7      | Reached skill level 12 in Axes
  6759 | D:7      | Reached XP level 10. HP: 84/86 MP: 10/10
  6927 | D:7      | Reached skill level 13 in Axes
  7029 | D:7      | Found Qeaf's Distillery.
  7217 | D:7      | Found a staircase to the Ecumenical Temple.
  7535 | D:8      | Found an iron altar of Okawaru.
  7614 | D:8      | Identified the +9 rapier "Eviscerator" {flame, rN++ Str-4
                  | Dex+3}
  7783 | D:8      | Found a shadowy altar of Dithmenos.
  7793 | D:8      | Reached *** piety under the Shining One
  8099 | D:9      | Reached skill level 1 in Stealth
  8152 | D:9      | Reached skill level 14 in Axes
  8157 | D:9      | Noticed Gastronok
  8167 | D:9      | Killed Gastronok
  8168 | D:9      | Reached XP level 11. HP: 74/95 MP: 11/11
  8347 | D:9      | Got the Parchment of Nocuous Hyperthermia
  8538 | D:9      | Found a blossoming altar of Fedhas.
  8995 | D:9      | Found the +7 Throatcutter {drain, coup de grace}
  9000 | D:9      | Noticed a soul eater
  9016 | D:9      | Noticed a sun demon
  9264 | D:10     | Entered Level 10 of the Dungeon
  9293 | D:10     | Reached **** piety under the Shining One
  9361 | D:10     | Found Ciumeo's Armour Boutique.
  9392 | D:10     | Reached skill level 15 in Axes
  9422 | D:10     | Found Wahakh's Book Shop.
  9604 | D:10     | Found Leisis's Book Shop.
  9688 | D:10     | Found Orutah's Magic Scroll Shoppe.
  9695 | D:10     | Bought a scroll of identify for 22 gold pieces
  9695 | D:10     | Bought a scroll of noise for 11 gold pieces
  9695 | D:10     | Bought a scroll of identify for 22 gold pieces
  9695 | D:10     | Bought a scroll of enchant armour for 82 gold pieces
  9695 | D:10     | Bought a scroll of identify for 22 gold pieces
  9695 | D:10     | Bought a scroll of identify for 22 gold pieces
  9723 | D:10     | Found a basalt altar of Yredelemnul.
  9908 | D:10     | Found Mamamm's Distillery.
 10067 | D:11     | Noticed a two-headed ogre
 10074 | D:11     | Killed a two-headed ogre
 10119 | D:11     | Noticed a cyclops
 10129 | D:11     | Killed a cyclops
 10130 | D:11     | Reached XP level 12. HP: 81/106 MP: 8/12
 10232 | D:11     | Reached skill level 16 in Axes
 10241 | D:11     | Noticed a boulder beetle
 10249 | D:11     | Reached skill level 10 in Fighting
 10249 | D:11     | Reached skill level 1 in Throwing
 10252 | D:11     | Killed a boulder beetle
 10255 | D:11     | Reached ***** piety under the Shining One
 10258 | D:11     | Reached skill level 5 in Dodging
 10265 | D:11     | Noticed a five-headed hydra
 10285 | D:11     | HP: 5/107 [11-headed hydra (3)]
 10285 | D:11     | Slain by an 11-headed hydra

Illustrated notes

Levels and vault maps discovered:
D:1:      amcnicky_arrival_single_pillar, layout_basic
D:2:      layout_loops_ring, uniq_sigmund
D:3:      layout_loops_ring, lemuel_tele_altar,
          nicolae_ru_great_annihilating_truth, tso_altar,
          chequers_serial_rivers_micro_c
D:4:      layout_basic, zin_purify, uniq_crazy_yiuf_cottage, uniq_eustachio
D:5:      layout_loops_corners, slow_altar_2
D:6:      layout_basic, kennysheep_little_box,
          nicolae_shop_i_like_small_books_too, mrwooster_statue_mirror,
          uniq_pikel, uniq_duvessa, uniq_menkaure
D:7:      nzn_winding_woodlands_medium [nzn_winding_woodlands_5x5_cross,
          nzn_winding_woodlands_5x15_twine, nzn_winding_woodlands_5x5_perimeter,
          nzn_winding_woodlands_5x5_closed_star,
          nzn_winding_woodlands_center_lodge,
          nzn_winding_woodlands_5x5_checkerboard,
          nzn_winding_woodlands_hourglass, nzn_winding_woodlands_5x15_crooked,
          nzn_winding_woodlands_5x5_default], layout_rooms, temple_green,
          serial_shops, nicolae_take_the_stairs, grunt_decor_arrowhead
D:8:      layout_rooms, grunt_dithmenos_smoke_and_mirrors, okawaru_gym_becter,
          serial_demonic, serial_demonic_a, serial_demonic_e, serial_demonic_g,
          serial_demonic_a
D:9:      layout_roguey, lemuel_round_altar, minivault_5,
          dilly_guarded_unrand_throatcut, uniq_gastronok
D:10:     layout_basic, mainiacjoe_overflow_six_doors_small, serial_shops, shop,
          kennysheep_mini, shop, shop, nicolae_shop_waterfront
D:11:     cheibrodos_ideogram_h, layout_loops_cross, david_lair_shrubbed

Skill      XL: |  1  2  3  4  5  6  7  8  9 10 11 12 |
---------------+-------------------------------------+-----
Fighting       | 4 5 6 7 8 9 10 | 10.3
Axes           | 3 4 5 6 7 10 12 14 15 16 | 16.4
Armour         | 4 5 6 7 8 9 |  9.8
Shields        | 4 5 6 7 |  7.8
Dodging        | 1 2 3 4 5 |  5.0
Stealth        | 1 3 |  3.0
Throwing       | 1 |  1.4

Action                     |  1- 3 |  4- 6 |  7- 9 | 10-12 || total
---------------------------+-------+-------+-------+-------++-------
  Melee: War axe           |    87 |   138 |   263 |   277 ||   765
    Use: Scroll            |     3 |     2 |     7 |    12 ||    24
         Potion            |     1 |       |       |     2 ||     3
   Stab: Paralysed         |       |     1 |       |       ||     1
 Armour: Scale mail        |    42 |    36 |       |       ||    78
         Chain mail        |       |    65 |   108 |    91 ||   264
  Dodge: Dodged            |    45 |    94 |    86 |    76 ||   301
  Block: Buckler           |    19 |    41 |    50 |    52 ||   162

Table legend: (Time is in decaauts)
 A = Elapsed time spent in this place.
 B = Non-inter-level travel time spent in this place.
 C = Inter-level travel time spent in this place.
 D = Time resting spent in this place.
 E = Time spent auto-exploring this place.
 F = Levels seen in this place.
 G = Mean time per level.
                   A        B        C        D        E       F      G
               +--------+--------+--------+--------+--------+-----+--------+
         Total |  10328 |   9799 |    529 |    710 |   6720 |  11 |  938.9 |
       Dungeon |  10328 |   9799 |    529 |    710 |   6720 |  11 |  938.9 |
               +--------+--------+--------+--------+--------+-----+--------+

Top non-repeatable levels by time:
     D:6: 1369 daAuts
     D:4: 1199 daAuts
     D:5: 1171 daAuts
     D:9: 1166 daAuts
     D:7: 1127 daAuts
     D:2: 993 daAuts
     D:3: 924 daAuts
     D:1: 829 daAuts
    D:10: 738 daAuts
     D:8: 547 daAuts
    D:11: 260 daAuts
